 Dungeon Crawl Stone Soup version 0.27.1-34-g3ba077fa99 (webtiles) character file.

Game seed: 18312610790903137089

413 Exporg the Poker (level 6, 0/53 HPs)
             Began as a Minotaur Fighter on Jan 15, 2022.
             Slain by a hornet (5 damage)
             ... on level 4 of the Dungeon.
             The game lasted 00:04:41 (3189 turns).

Exporg the Poker (Minotaur Fighter)                 Turns: 3189, Time: 00:04:43

Health: 0/53       AC:  7    Str: 21    XL:     6   Next: 59%
Magic:  5/5        EV:  8    Int:  5    God:
Gold:   218        SH: 10    Dex: 11    Spells: 5/5 levels left

rFire    . . .     SeeInvis .   a - +0 trident
rCold    . . .     Faith    .   c - +0 kite shield
rNeg     + . .     Spirit   .   b - +0 scale mail
rPois    .         Reflect  .   (helmet restricted)
rElec    .         Harm     .   (no cloak)
rCorr    .         Rampage  .   (no gloves)
Will     .....                  (no boots)
Stlth    ..........             m - amulet of magic regeneration
HPRegen  0.17/turn              p - ring of positive energy
MPRegen  0.34/turn              (no ring)

@: lethally poisoned (0 -> -11), flying, slowed, very slow
A: horns 2, retaliatory headbutt
a: no special abilities


You were on level 4 of the Dungeon.
You visited 1 branch of the dungeon, and saw 4 of its levels.

You collected 218 gold pieces.

Inventory:

Hand Weapons
 a - a +0 trident (weapon)
Missiles
 g - 22 bolts
Armour
 b - a +0 scale mail (worn)
 c - a +0 kite shield (worn)
Jewellery
 m - an amulet of magic regeneration (around neck)
 p - a ring of positive energy (left hand)
Scrolls
 e - a scroll of enchant weapon {unknown}
 h - a scroll of silence {unknown}
 j - a scroll of summoning {unknown}
 n - a scroll of vulnerability {unknown}
 q - a scroll of brand weapon {unknown}
 r - a scroll of blinking {unknown}
Potions
 d - a potion of might
 f - 2 potions of lignification {unknown}
 i - a potion of magic {unknown}
 k - a potion of mutation {unknown}
 l - a potion of curing {unknown}
 o - a potion of flight


   Skills:
 + Level 4.7 Fighting
 + Level 5.5 Polearms
 + Level 5.4 Armour
 + Level 1.4 Dodging
 + Level 5.0 Shields


You had 5 spell levels left.
You didn't know any spells.
Your spell library contained the following spells:

 Spells                   Type           Power      Damage    Failure   Level
 Dazzling Flash           Conj/Hex       0%         N/A       100%        3
 Gell's Gravitas          Tloc           0%         N/A       100%        3
 Lesser Beckoning         Tloc           0%         N/A       100%        3
 Teleport Other           Tloc           0%         N/A       100%        3
 Agony                    Necr           0%         N/A       100%        5
 Silence                  Hex/Air        0%         N/A       100%        5


Dungeon Overview and Level Annotations

Branches:
Dungeon (4/15)
 Temple: D:4-7

Altars:


Innate Abilities, Weirdness & Mutations

You have a pair of horns on your head.
You reflexively headbutt those who attack you in melee.


Message History

There is an open door here.
A goblin comes into view. It is wielding a +0 dagger.
The goblin shouts!
No target in view!
No target in view!
You hit the goblin. You headbutt the goblin.
You kill the goblin!
A hornet comes into view.
Items here: " $ )) †.
You closely miss the hornet. You block the hornet's attack. x2
You hit the hornet. You headbutt the hornet.
The hornet is moderately wounded.
You block the hornet's attack.
You closely miss the hornet.
The hornet is moderately wounded.
You block the hornet's attack. The hornet stings you!
You are poisoned.
You feel yourself slow down.
You hit the hornet but do no damage.
The hornet is moderately wounded.
You feel very sick. The hornet stings you!
You feel as though you will be slow longer.
The hornet barely misses you. You block the hornet's attack.
You hit the hornet but do no damage. Your headbutt misses the hornet.
The hornet is moderately wounded.
You feel yourself speed up.
You feel sick. You block the hornet's attack. The hornet stings you!
You feel yourself slow down. The hornet stings you!
* * * LOW HITPOINT WARNING * * *
You are lethally poisoned!
You feel as though you will be slow longer.
Okay, then.
It was a potion of flight.
You feel very buoyant.
You fly up into the air.
* * * LOW HITPOINT WARNING * * *
You feel very sick. The hornet stings you.
You die...

#...#.# ... #.#.#.#
.. #.#...# #' #.##..#
#.########.##..#
#........#.##.>#
##.#...##.#.....#
...##....#.........##
......y@)..##.######
#..##...#####.# ##.##
#.# #. #.# #. ..# ##
###


You could see a hornet.

Vanquished Creatures
  A phantom (D:4)
  2 scorpions
  A howler monkey (D:4)
  A hound (D:4)
  A howler monkey skeleton (D:4)
  3 adders
  2 worms (D:2)
  11 dart slugs
  7 orcs
  An endoplasm (D:3)
  2 giant cockroaches
  8 goblins
  3 hobgoblins
  10 jackals
  3 kobolds
  3 quokkas
  7 ball pythons
  3 bats
  A frilled lizard (D:3)
  11 rats
81 creatures vanquished.

Vanquished Creatures (others)
  2 plants (D:3)
2 creatures vanquished.

Grand Total: 83 creatures vanquished

Notes
Turn   | Place    | Note
-------+----------+-------------------------------------------
     0 | D:1      | Exporg the Minotaur Fighter began the quest for the Orb.
     0 | D:1      | Reached XP level 1. HP: 19/19 MP: 0/0
   633 | D:1      | Reached XP level 2. HP: 24/27 MP: 1/1
  1115 | D:2      | Reached XP level 3. HP: 33/33 MP: 2/2
  1880 | D:3      | Reached XP level 4. HP: 39/40 MP: 3/3
  2030 | D:3      | Noticed a scorpion
  2038 | D:3      | Killed a scorpion
  2039 | D:3      | Reached XP level 5. HP: 41/46 MP: 4/4
  2429 | D:3      | Reached skill level 1 in Dodging
  2583 | D:4      | Reached skill level 5 in Armour
  2739 | D:4      | Reached XP level 6. HP: 50/53 MP: 5/5
  2775 | D:4      | Reached skill level 5 in Polearms
  2855 | D:4      | Reached skill level 5 in Shields
  3181 | D:4      | Noticed a hornet
  3189 | D:4      | Slain by a hornet

Illustrated notes

Levels and vault maps discovered:
D:1:      scummos_arrival_checkerplants, layout_basic, supply_closet_lemuel,
          minmay_misc_feat_x
D:2:      layout_rooms, chequers_serial_rivers_micro_b,
          minmay_misc_feat_ornament, kennysheep_cluttered_room
D:3:      kennysheep_slugbush, layout_loops_ring, serial_bayou_ford_a,
          kennysheep_generic_room_3
D:4:      layout_loops_corners

Skill      XL: |  1  2  3  4  5  6 |
---------------+-------------------+-----
Armour         | 4 5 |  5.4
Fighting       | 4 |  4.7
Shields        | 4 5 |  5.0
Polearms       | 3 4 5 |  5.5
Dodging        | 1 |  1.4

Action                   |  1- 3 |  4- 6 || total
-------------------------+-------+-------++-------
Melee: Trident           |    94 |   117 ||   211
       Headbutt          |     7 |    20 ||    27
  Use: Potion            |       |     1 ||     1
Armor: Scale mail        |    30 |    39 ||    69
Dodge: Dodged            |    27 |    24 ||    51
Block: Kite shield       |    36 |    50 ||    86
